 Dungeon Crawl Stone Soup version 0.18.1-6-gd335043 (webtiles) character file.

317 Moloch the Cleaver (level 6, -9/51 HPs)
             Began as a Hill Orc Fighter on May 19, 2016.
             Mangled by an ogre
             ... wielding a +0 giant club
              (27 damage)
             ... on level 4 of the Dungeon.
             The game lasted 00:05:12 (3010 turns).

Moloch the Cleaver (Hill Orc Fighter)               Turns: 3010, Time: 00:05:13

Health: -9/51      AC: 12    Str: 21    XL:     6   Next: 44%
Magic:  6/6        EV:  3    Int:  8    God:
Gold:   131        SH:  8    Dex: 10    Spells: 0 memorised, 5 levels left

rFire  . . .     SeeInvis .     a - +0 war axe
rCold  . . .     Gourm    .     x - +0 plate armour
rNeg   . . .     Faith    .     c - +0 shield
rPois  .         Spirit   .     (no helmet)
rElec  .         Dismiss  .     o - +0 cloak
rCorr  .         Reflect  .     (no gloves)
SustAt +         Harm     .     (no boots)
MR     .....                    (no amulet)
Stlth  ..........               (no ring)
                                h - ring of sustain attributes

@: drained, not resistant to hostile enchantments, extremely unstealthy
A: no striking features
a: no special abilities


You were on level 4 of the Dungeon.
You were very hungry.

You visited 1 branch of the dungeon, and saw 4 of its levels.

You collected 131 gold pieces.

Inventory:

Hand Weapons
 a - a +0 war axe (weapon)
Missiles
 w - a throwing net (quivered)
Armour
 c - a +0 shield (worn)
 o - a +0 cloak (worn)
 x - a +0 plate armour (worn)
Jewellery
 h - a ring of sustain attributes (left hand)
Scrolls
 g - a scroll of remove curse
 n - a scroll of recharging
 r - a scroll of blinking
 s - a scroll of magic mapping {unknown}
 u - a scroll of noise {unknown}
Potions
 b - a potion of lignification {unknown}
 d - a potion of might
 i - a potion of degeneration {unknown}
 m - a potion of mutation
 p - a potion of curing
 q - a potion of heal wounds
 t - a potion of flight
 v - a potion of resistance
Comestibles
 f - a bread ration
 k - 3 meat rations


   Skills:
 - Level 3.6(2.6) Fighting
 + Level 8.7(7.6) Axes
 - Level 3.2(2.2) Armour
 - Level 3.2(2.2) Shields


You had 5 spell levels left.
You didn't know any spells.

Dungeon Overview and Level Annotations

Branches:
Dungeon (4/15)
 Temple: D:4-7

Altars:
Dithmenos
Pakellas
Qazlal


Message History

You are feeling very hungry.
You start resting.
HP restored.
You climb downwards.
The ogre hits you but does no damage.
There is a stone staircase leading up here.
You aren't carrying any items that you can evoke.
You closely miss the ogre. The ogre hits you with a giant club! x2
You hit the ogre.
The ogre is lightly wounded.
You hit the ogre.
The ogre is moderately wounded.
The ogre barely misses you.
You barely miss the ogre.
The ogre is moderately wounded.
The ogre hits you with a giant club!
Your shield and plate armour prevent you from hitting the ogre.
The ogre is moderately wounded.
The ogre hits you with a giant club!!
Ouch! That really hurt!
You die...

#..#####.######
#..# #.# #..#
#.# ####..# #..
) #.....# ### #
#.#.### #.#.#
#.#.# #@#.#
#.O......
#...##### #...#
#...# #...#
#.<.# #....


You could see an ogre.

Vanquished Creatures
  The ghost of Moloch the Chopper, an amateur HOFi (D:3)
  A worker ant (D:4)
  A worker ant zombie (D:3)
  3 gnolls (D:3)
  2 adders
  2 worms
  2 dart slugs (D:1)
  5 giant geckos
  7 orcs
  2 ball pythons
  6 giant cockroaches
  8 goblins
  3 hobgoblins
  6 jackals (D:1)
  A quokka (D:3)
  9 bats
  5 giant newts
  9 kobolds
  7 rats
80 creatures vanquished.

Vanquished Creatures (others)
  An ice dragon (D:2)
  A bush (D:2)
2 creatures vanquished.

Grand Total: 82 creatures vanquished

Notes
Turn   | Place    | Note
--------------------------------------------------------------
     0 | D:1      | Moloch the Hill Orc Fighter began the quest for the Orb.
     0 | D:1      | Reached XP level 1. HP: 19/19 MP: 1/1
     2 | D:1      | Noticed a troll
     4 | D:1      | Noticed a draconian
     4 | D:1      | Noticed a vampire
     6 | D:1      | Noticed a tengu
     6 | D:1      | Noticed a human
     8 | D:1      | Noticed an elf
     8 | D:1      | Noticed a felid
    10 | D:1      | Noticed a naga
    12 | D:1      | Noticed a centaur
    12 | D:1      | Noticed a halfling
    14 | D:1      | Noticed a spriggan
    14 | D:1      | Noticed a gargoyle
    16 | D:1      | Noticed a ghoul
    18 | D:1      | Noticed a vine stalker
    18 | D:1      | Noticed a demigod
    20 | D:1      | Noticed a merfolk
    20 | D:1      | Noticed a demonspawn
    22 | D:1      | Noticed a formicid
    22 | D:1      | Noticed an octopode
    24 | D:1      | Noticed a dwarf
    26 | D:1      | Noticed a minotaur
    26 | D:1      | Noticed an ogre
    91 | D:1      | Reached skill level 3 in Axes
   291 | D:1      | Reached XP level 2. HP: 24/26 MP: 2/2
   334 | D:1      | Reached skill level 4 in Axes
   422 | D:1      | Reached XP level 3. HP: 25/31 MP: 3/3
   873 | D:2      | Reached skill level 5 in Axes
   896 | D:2      | Found a stormy altar of Qazlal.
   947 | D:2      | Found an oddly glowing altar of Pakellas.
   948 | D:2      | Noticed an ice dragon
   960 | D:2      | Killed an ice dragon
  1135 | D:2      | Reached XP level 4. HP: 17/39 MP: 4/4
  1526 | D:3      | Reached skill level 6 in Axes
  1534 | D:3      | Reached XP level 5. HP: 33/45 MP: 5/5
  1674 | D:3      | Noticed Moloch's ghost (amateur HOFi)
  1960 | D:3      | Killed Moloch's ghost
  1960 | D:3      | Reached skill level 8 in Axes
  1960 | D:3      | Reached XP level 6. HP: 17/51 MP: 6/6
  2363 | D:3      | Found a shadowy altar of Dithmenos.
  3010 | D:4      | Mangled by an ogre

Skill      XL: |  1  2  3  4  5 |
---------------+----------------+-----
Axes           | 3 4 5 6 8 |  8.7
Fighting       | |  3.6
Armour         | |  3.2
Shields        | |  3.2

Action                   |  1- 3 |  4- 6 || total
-------------------------+-------+-------++-------
Melee: War axe           |   135 |   116 ||   251
  Use: Potion            |     2 |       ||     2
       Scroll            |       |     8 ||     8
  Eat: Chunk             |     1 |     5 ||     6
Armor: Scale mail        |    63 |    56 ||   119
       Plate armour      |       |     6 ||     6
Dodge: Dodged            |    40 |    46 ||    86
Block: Shield            |    81 |    66 ||   147
